Description

melted down

Build Order

Get SALT Encoding   

  15  0:38  Gateway  
  16  0:47  Assimilator  
  19  1:20  Nexus  
  20  1:34  Cybernetics Core  
  21  1:43  Assimilator  
  23  2:10  Adept  
  23  2:12  Warp Gate  
  26  2:23  Robotics Facility  
  28  2:37  Adept  
  34  3:02  Mothership Core (Chrono Boost)  
  37  3:09  Observer  
  38  3:14  Gateway  
  41  3:27  Warp Prism  
  44  3:37  Robotics Bay  
  46  3:49  Assimilator x2  
  51  4:17  Gravitic Drive  
  51  4:19  Disruptor  
  53  4:29  Stalker  
  60  4:44  Forge  
  61  4:50  Colossus  
  70  5:01  Extended Thermal Lance  
  70  5:10  Gateway x3  
  70  5:20  Protoss Ground Weapons Level 1  
  73  5:30  Gateway  
  78  5:50  Colossus, Nexus  
  86  6:13  Adept  
  94  6:27  Twilight Council  
  122  7:29  Stalker  
  128  7:39  Forge  
  131  7:44  Adept x2  
Spawning Tool Build Advisor. Get it on Overwolf

Go to:

Details

  • Created by: imagrinchyoazz
  • Published on: Aug 31, 2017
  • Modified on: Aug 31, 2017
  • Patch: 3.8.0
Show
View Real Time Build Order
Export as new Build Order

Comments (0)

There are no comments. Be the first!

Create an account to comment!